Cogmind - Beta 16.1 @@@ ROGUE MODE // 2026.02.19 @ 00:44:33 Player: Megaknight51 Result: Destroyed by MX-F8U(R) with Subdweller Beam Cannon Performance ------------- Evolutions (0) 0 Regions Visited (3) 600 Robots Destroyed (35) 175 Value Destroyed (632) 632 Prototype IDs (2) 40 Alien Tech Used (0) 0 Bonus (25) 25 TOTAL SCORE: 1472 Bonus ------- Follower Combat Kills 25 Cogmind --------- Core Integrity 0/250 Matter 159/300 Energy 77/100 System Corruption 1% Temperature Cool (9) Movement Rolling (110) Ox2 Location -10/Subcaves Parts ------- > --- POWER (1) -------- (None) > --- PROPULSION (2) --- Wheel > --- UTILITY (2) ------ Large Storage Unit Seismic Detector > --- WEAPON (2) ------- Autogun > --- INVENTORY (15) --- Ion Engine Wheel Wheel Wheel Improved Terrain Scanner Seismic Detector Particle Cannon Particle Cannon Particle Cannon Makeshift Shrapnel Gun Rocket Launcher Mining Laser Heavy Hammer Peak State ------------ > --- POWER ------------ Ion Engine > --- PROPULSION ------- Wheel Compact Wheel > --- UTILITY ---------- Large Storage Unit Seismic Detector > --- WEAPON ----------- Autogun Makeshift Shrapnel Gun > --- INVENTORY -------- Ion Engine Wheel Wheel Wheel Improved Terrain Scanner Seismic Detector Light Armor Plating Particle Cannon Particle Cannon Particle Cannon Autogun Autogun Rocket Launcher Mining Laser Heavy Hammer [Rating: 13] Favorites ----------- Power Ion Engine Engine Ion Engine Propulsion Wheel Wheel Wheel Utility Seismic Detector Device Seismic Detector Storage Large Storage Unit Protection Light Armor Plating Weapon Autogun Energy Gun EM Pulse Gun Ballistic Gun Autogun Launcher Grenade Launcher Special Weapon Mining Laser Impact Weapon Heavy Hammer Build | -11 -10 -10 -10 ------- Run | Yrd Mat Min Sub Slots Evolved . | . . . . Power . | . . . . Propulsion . | . . . . Utility . | . . . . Weapon . | . . . . Parts Attached 26 | 6 11 6 3 Power 2 | 1 1 . . Engine 2 | 1 1 . . Core . | . . . . Reactor . | . . . . Propulsion 7 | 2 3 1 1 Treads . | . . . . Leg . | . . . . Wheel 7 | 2 3 1 1 Hover . | . . . . Flight . | . . . . Utility 4 | 1 1 1 1 Device 2 | 1 . 1 . Storage 1 | . 1 . . Processor . | . . . . Hackware . | . . . . Protection 1 | . . . 1 Artifact . | . . . . Weapon 13 | 2 6 4 1 Energy Gun 5 | 2 3 . . Energy Cannon . | . . . . Ballistic Gun 5 | . 2 2 1 Ballistic Cannon . | . . . . Launcher 1 | . . 1 . Special Weapon 1 | . . 1 . Impact Weapon 1 | . 1 . . Slashing Weapon . | . . . . Piercing Weapon . | . . . . Special Melee Weapon . | . . . . Unidentified Prototypes . | . . . . Parts Lost 12 | . 7 . 5 Power 2 | . 1 . 1 Propulsion 2 | . 1 . 1 Utility 2 | . 1 . 1 Weapon 6 | . 4 . 2 Highest Loss Streak 5 | . 4 . 5 To Critical Strikes . | . . . . Average Backups 12 | 2 7 15 15 Power . | . 1 1 1 Propulsion 2 | . 1 3 3 Utility 2 | . 1 2 3 Weapon 6 | . 3 8 8 Tool/Special . | . . . . Unused Backups 14 | 1 . 4 9 Power 1 | . . . 1 Propulsion 4 | 1 . 1 2 Utility 2 | . . . 2 Weapon 7 | . . 3 4 Tool/Special . | . . . . Average Slot Usage (%) 91 | . 75 99 99 Engine 13 | . 12 14 13 Wheel 26 | . 25 28 28 Device 11 | . 6 13 12 Storage 10 | . 5 14 14 Energy Gun 4 | . 14 . . Ballistic Gun 18 | . 9 25 19 Impact Weapon 2 | . 1 1 8 Peak Build Rating 13 | 6 10 13 13 Average Rating 9 | 4 6 11 11 On Entrance 6 | . 6 10 10 Avg Prop Armor Cover (%) . | . . . . Naked Turns . | . . . . Heaviest Build 34 | 10 31 32 34 Greatest Support 26 | 26 26 26 26 Greatest Overweight (x) 3 | . 3 1 1 Average Overweight (x) . | . . 1 1 Largest Inventory Capacity 15 | 5 15 15 15 Average Capacity 12 | 5 8 15 15 Most Carried 15 | 5 15 15 15 Average Carried 12 | 2 7 14 14 Final Capacity 15 | 5 15 15 15 Final Carried 15 | 5 15 15 13 Class Distribution -------------------- 100% | Mutant Dominant Class ---------------- Mutant | -10/Materials Mutant | -10/Mines Mutant | -10/Subcaves Resources | -11 -10 -10 -10 ----------- Run | Yrd Mat Min Sub Matter Collected 652 | 238 140 179 95 Remotely . | . . . . Salvage Created 1132 | 141 601 298 92 Parts 76 | 14 38 16 8 Haulers Intercepted . | . . . . Recyclers Shooed 2 | . 2 . . Parts Field Recycled . | . . . . Retrieved Matter . | . . . . Parts Self-Destructed 6 | . . . 6 Prevented . | . . . . Parts Restored . | . . . . Kills | -11 -10 -10 -10 ------- Run | Yrd Mat Min Sub Combat Hostiles Destroyed 21 | . 11 8 2 Guns 18 | . 11 5 2 AOE 3 | . . 3 . Classes Destroyed 7 | 2 4 . 1 Worker 2 | . 2 . . Builder 2 | . 1 1 . Tunneler 7 | 5 1 1 . Recycler 3 | 1 2 . . Swarmer 9 | . 3 6 . Grunt 11 | . 8 2 1 Subdweller 1 | . . . 1 Best Kill Streak 9 | 6 9 3 1 Combat Bots Only 3 | . 3 3 1 Max Kills in Single Turn 3 | 1 2 3 1 Gunslinging . | . . . . Exploded 3 | . . 3 . Melee . | . . . . Uniques/NPCs Destroyed . | . . . . Combat | -11 -10 -10 -10 -------- Run | Yrd Mat Min Sub Hostile Shots Fired 126 | . 80 21 25 Missed 40 | . 27 9 4 Hits 86 | . 53 12 21 Projectile 86 | . 53 12 21 Damage Taken 1177 | . 576 121 480 Core 258 | . 141 26 91 Absorbed by Shields . | . . . . Core Remaining (%) 100 | 100 . . . Volleys Fired 78 | 7 42 18 11 Largest 2 | 2 2 2 2 Hottest 123 | 80 80 123 46 Shots Fired 133 | 14 69 27 23 Gun 126 | 14 69 20 23 Cannon . | . . . . Launcher 1 | . . 1 . Special 6 | . . 6 . Kinetic 57 | . 14 20 23 Thermal 15 | . 9 6 . Explosive 1 | . . 1 . Electromagnetic 60 | 14 46 . . Robot Hit Streak 10 | 5 9 7 10 Robot Miss Streak 4 | 1 4 3 4 Penetration Max . | . . . . Secondary Targets 1 | . . . 1 Max Gunslinging Chain 1 | . . . 1 Shots Hit Robots 83 | 8 40 17 18 Core Hits 51 | 7 25 13 6 Critical Kills . | . . . . Critical Parts Destroyed . | . . . . Critical Strikes 1 | 1 . . . Corrupt 1 | 1 . . . Melee Attacks 18 | . 2 11 5 Impact 18 | . 2 11 5 Slashing . | . . . . Piercing . | . . . . Sneak Attacks 1 | . . 1 . Combat Hostiles . | . . . . Follow-up Attacks . | . . . . Damage Inflicted 1726 | 139 784 534 269 Guns 1249 | 104 616 260 269 Cannons . | . . . . Explosions 342 | 35 165 142 . Melee 132 | . . 132 . Ramming 3 | . 3 . . Kinetic 679 | . 150 260 269 Thermal 243 | 35 208 . . Explosive 142 | . . 142 . Electromagnetic 527 | 104 423 . . Impact 132 | . . 132 . Slashing . | . . . . Piercing . | . . . . Highest Corruption 1 | . 1 1 1 Average Corruption 1 | . 1 1 1 Corruption Purged . | . . . . Corruption Blocked . | . . . . Effects 9 | . 3 4 2 Message Errors 3 | . 1 2 . Energy Discharges 1 | . . . 1 Data Loss (minor) 1 | . 1 . . Data Loss (major) 1 | . 1 . . Misfires 2 | . . 1 1 Alerts 1 | . . 1 . Overload Shots . | . . . . Overflow Damage 129 | . . 129 . Projectiles 32 | . . 32 . Explosions . | . . . . Melee 97 | . . 97 . Knockbacks 1 | . . 1 . Impact . | . . . . Kinetic . | . . . . Secondary 1 | . . 1 . Self-Inflicted Damage 29 | . 12 17 . Shots 2 | . 1 1 . Rammed 2 | . 2 . . Targets Rammed 2 | . 2 . . Kicked . | . . . . Crushed . | . . . . Highest Temperature 216 | 90 216 60 . Average Temperature 57 | 38 76 18 . Received Heat Transfer 399 | . 255 9 135 Siege Activations . | . . . . Martial Activations . | . . . . Shielding Activations . | . . . . Robots Disrupted . | . . . . Combat Hostiles . | . . . . Robots Corrupted 3 | . . 3 . Combat Hostiles . | . . . . Parts Fried 5 | . 2 3 . Impact Corruptions 6 | . . 6 . Robots Melted . | . . . . Combat Hostiles . | . . . . Parts Melted 1 | . 1 . . Heat Transferred 500 | 50 450 . . Parts Sabotaged . | . . . . Parts Stolen . | . . . . Parts Stripped . | . . . . Power Chain Reactions 3 | 1 2 . . Alert | -11 -10 -10 -10 ------- Run | Yrd Mat Min Sub Maximum Alert Level 1 | . 1 . . Low Security (%) 99 | 100 98 100 . Level 1 . | . 1 . . Level 2 . | . . . . Level 3 . | . . . . Level 4 . | . . . . Level 5 . | . . . . High Security . | . . . . Max Security . | . . . . Peak Influence 204 | 20 204 106 . Initial 29 | . 6 29 . Average 52 | 5 94 25 . Influence Increases 714 | 30 413 218 53 Destroy 0b10 Robot/C 420 | . 220 160 40 Destroy 0b10 Robot/NC 80 | 30 30 20 . Destroy Leader 90 | . 50 30 10 Allied During Kill 3 | . . . 3 Successful Hack 30 | . 30 . . Select Force Hacks 60 | . 60 . . Disable Machine 15 | . 15 . . Destroy Structure 16 | . 8 8 . Influence Decreases 714 | 20 347 294 53 Entered New Map 51 | . 4 47 . Time Decay 593 | 20 273 247 53 Lost Part 70 | . 70 . . Squads Dispatched 4 | . 4 . . Investigation 3 | . 3 . . Extermination . | . . . . Reinforcement 1 | . 1 . . Assault . | . . . . Garrison . | . . . . Intercept . | . . . . Searches Triggered . | . . . . Construction Impeded . | . . . . Haulers Reinforced . | . . . . Active Scanning Responses . | . . . . Cargo Convoy Interrupts . | . . . . Stealth | -11 -10 -10 -10 --------- Run | Yrd Mat Min Sub Distress Signals . | . . . . Communications Jammed . | . . . . Distress Signals . | . . . . Times Spotted 34 | . 21 8 5 Peak Tracking Total 5 | . 5 3 3 Tactical Retreats . | . . . . Traps | -11 -10 -10 -10 ------- Run | Yrd Mat Min Sub Traps Triggered . | . . . . Indirectly . | . . . . Trap Hack Attempts . | . . . . Triggered . | . . . . Disarmed . | . . . . Reprogrammed . | . . . . Reused . | . . . . Traps Extracted . | . . . . Installed . | . . . . Triggered . | . . . . Machines | -11 -10 -10 -10 ---------- Run | Yrd Mat Min Sub Machines Disabled 1 | . 1 . . Max in Single Turn 1 | . 1 . . Machines Repaired . | . . . . Machines Dismantled . | . . . . Machines Sabotaged . | . . . . Overloaded Fab Kills . | . . . . Hacking | -11 -10 -10 -10 --------- Run | Yrd Mat Min Sub Machines Accessed 8 | . 7 . 1 Terminals 5 | . 5 . . Fabricators . | . . . . Repair Stations . | . . . . Recycling Units 2 | . 2 . . Scanalyzers . | . . . . Garrison Access . | . . . . Total Hacks 17 | . 14 . 3 Successful 11 | . 8 . 3 Failed 6 | . 6 . . Catastrophic . | . . . . Database Lockouts . | . . . . Manual 14 | . 14 . . Terminals 11 | . 11 . . Fabricators . | . . . . Repair Stations . | . . . . Recycling Units 3 | . 3 . . Scanalyzers . | . . . . Garrison Access . | . . . . Terminal Hacks 6 | . 3 . 3 Record 3 | . . . 3 Robot Analysis 2 | . 2 . . Prototype ID Bank 1 | . 1 . . Fabricator Hacks . | . . . . Repair Station Hacks . | . . . . Recycling Unit Hacks . | . . . . Scanalyzer . | . . . . Garrison Access Hacks . | . . . . Unauthorized Hacks 5 | . 5 . . Terminals 3 | . 3 . . Botnet 3 | . 3 . . Fabricators . | . . . . Repair Stations . | . . . . Recycling Units 2 | . 2 . . Tunnel 2 | . 2 . . Scanalyzers . | . . . . Garrison Access . | . . . . Data Cores Recovered . | . . . . Used . | . . . . Hacking Detections 6 | . 6 . . Full Trace Events . | . . . . Feedback Events . | . . . . Feedback Blocked . | . . . . Robot Schematics Acquired . | . . . . Robots Built . | . . . . Authchips . | . . . . Time . | . . . . Total Robot Build Rating . | . . . . Part Schematics Acquired . | . . . . Parts Built . | . . . . Authchips . | . . . . Time . | . . . . Total Part Build Rating . | . . . . Part Studies Acquired . | . . . . Parts Repaired . | . . . . Time . | . . . . Parts Recycled . | . . . . Recycled Matter . | . . . . Retrieved Matter . | . . . . Retrieved Components . | . . . . Parts Scanalyzed . | . . . . Part Schematics Acquired . | . . . . Parts Damaged . | . . . . Bothacking | -11 -10 -10 -10 ------------ Run | Yrd Mat Min Sub Used RIF Installer . | . . . . Robots Hacked . | . . . . Non-combat . | . . . . Combat . | . . . . Robot Hacks Applied . | . . . . Relay Couplers Released . | . . . . Fabnet Peak Effective % . | . . . . Robots Rewired . | . . . . Allies Hacked . | . . . . Hacks Repelled . | . . . . Allies | -11 -10 -10 -10 -------- Run | Yrd Mat Min Sub Total Allies 3 | . . 3 . Largest Group 3 | . . 3 3 Highest-Rated Group 40 | . . 40 40 Highest-Rated Ally 16 | . . 16 16 Total Orders . | . . . . Ally Attacks 14 | . . . 14 Total Damage 115 | . . . 115 Kills 1 | . . . 1 Allies Corrupted . | . . . . Allies Melted . | . . . . Intel | -11 -10 -10 -10 ------- Run | Yrd Mat Min Sub Active Infowar (turns) 1771 | 17 360 981 413 Seismic 1771 | 17 360 981 413 Robot Analysis Total 2 | . 2 . . Derelict Logs Recovered 2 | . . 1 1 Drone Launches . | . . . . Drone Recoveries . | . . . . Exploration | -11 -10 -10 -10 ------------- Run | Yrd Mat Min Sub Turns Passed 2307 | 94 744 1000 469 Spaces Moved 1777 | 70 561 756 390 Core 8 | 8 . . . Treads . | . . . . Legs . | . . . . Wheels 1769 | 62 561 756 390 Hover . | . . . . Flight . | . . . . Fastest Speed 50 | 50 80 105 105 Average Speed 101 | 85 96 105 105 Slowest Speed 125 | 100 125 105 105 Overloaded Moves . | . . . . Propulsion Burnouts . | . . . . Robots Hopped . | . . . . Potential Cave-ins . | . . . . Cave-ins Triggered . | . . . . Exploration Rate (%) 48 | 3 71 95 24 Regions Visited 3 Branch Regions 2 Pre-discovered Areas 4 | . 2 1 1 Known Exits Taken . | . . . . Unknown Exits Taken 3 | 1 1 1 . Scrap Searched 1 | . . 1 . Spaces Dug 9 | . 1 8 . Terrain Destroyed 23 | 2 6 15 . Melee 5 | . 1 4 . Projectile 4 | . . 4 . AOE 14 | 2 5 7 . Terrain Rammed . | . . . . Walls Destroyed . | . . . . Machines Disabled . | . . . . Actions | -11 -10 -10 -10 --------- Run | Yrd Mat Min Sub Total 2107 | 89 690 907 421 Wait 164 | . 59 103 2 Move 1774 | 69 560 755 390 Hop . | . . . . Pick Up 22 | 6 11 5 . Fast Attach 13 | 6 6 1 . Attach 3 | . 1 . 2 Detach . | . . . . Swap 22 | . 4 8 10 Drop 11 | 1 3 6 1 Fire 78 | 7 42 18 11 Melee 18 | . 2 11 5 Ram 2 | . 2 . . Kick . | . . . . Crush . | . . . . Escape Stasis . | . . . . Rewire . | . . . . Trap . | . . . . Miscellaneous . | . . . . Route ------- -11/Scrapyard -10/Materials (discovered 3 exits: [*Mat x2] / [*Min]) -10/Mines (discovered 4 exits: [*Mat x2] / [*Exi] / *Sub) -10/Subcaves (discovered 3 exits: *Mat x2 / Rec) History --------- Turn | Location | Event 13 | -11/Scrapyard | Discovered new exit (range 16) 95 | -11/Scrapyard | Entered Materials 308 | -10/Materials | Build established: Mutant 345 | -10/Materials | Discovered new exit (range 5) 486 | -10/Materials | Lost 4 parts (1p1u2w) 737 | -10/Materials | Discovered new exit (range 5) 795 | -10/Materials | Discovered new exit (range 13) 835 | -10/Materials | Core integrity fell below 50% 839 | -10/Materials | Entered Mines 904 | -10/Mines | Found a hidden stash of uninstalled traps 1193 | -10/Mines | Received a Rocket Launcher from a helpful Derelict 1207 | -10/Mines | Deemed a non-threat by the Exiles lab entrance 1208 | -10/Mines | Discovered new exit (range 5) 1251 | -10/Mines | A weapon hastily lodged in a ceiling crevice suddenly fell to the ground 1276 | -10/Mines | Discovered new exit (range 11) 1315 | -10/Mines | Discovered new exit (range 6) 1466 | -10/Mines | Learned location of Recycling (-8) 1494 | -10/Mines | Assisted by bots powering up and referring to "LRC-V3" 1832 | -10/Mines | Discovered new exit (range 4) 1839 | -10/Mines | Entered Subcaves 1839 | -10/Subcaves | Accompanied by 3 allies 1849 | -10/Subcaves | Learned location of Mines (-9) 1880 | -10/Subcaves | A swath of the cavern ceiling suddenly collapsed 2022 | -10/Subcaves | Visited Clippyterm 2025 | -10/Subcaves | Identified exit to Materials 2025 | -10/Subcaves | Identified exit to Recycling 2294 | -10/Subcaves | Core integrity fell below 20% 2308 | -10/Subcaves | Destroyed by MX-F8U(R) with Subdweller Beam Cannon Last Messages --------------- 02109_ Ion Engine fries itself beyond repair. 02109_ Acquired 46 matter. 02116_ Aluminum Leg fries itself beyond repair. 02116_ Imp. Heat Sink fries itself beyond repair. 02121_ Subatomizers dissect the Wheel. 02132_ Dropped Wheel. 02133_ Acquired 11 matter. 02142_ Subatomizers dissect the Wheel. 02278_ MX-F8U(R): "OHNO!" 02285_ System corrupted: Energy discharge (-77). 02286_ Subatomizers dissect the Wheel. 02287_ Trooper 1b destroyed. 02291_ Lgt. Armor Plating destroyed. 02295_ 9R-PZ8(R) destroyed. 02295_ Switching to secondary target: MX-F8U(R). 02297_ Ion Engine destroyed. 02301_ Subatomizers dissect the Sub. Optics. 02301_ Autogun destroyed. 02302_ Com. Wheel destroyed. 02308_ Autogun destroyed. Map ----- +----------------------------------------------------+ | ?????# # # #?????????????? | | ?????# < ###### ## ?????????????? | | ?????## ### ##?## #?? ?????????????? | | ??????# ##?## ##?## #???? ????????????????? | | ??????# #??# ##?? ##?????????????????????? | | ?????## #??# #??# ##??????????????????????? | | ?????# #### ####???###???????????????????????? | | ?????## #????????????????????????????????? | | ?????# ##???????????????????????????????? | | ?????## ##??????????????????????????????? | | ??????### # #??????????????????????????????? | | ????????###### #?##???????????????????????????? | | ?###??????#### ##? ##??????????????????????????? | | ## #?????## ### #??????????????????????????? | | # #?????# ## #??????????????????????????? | | #####?# ## #??????????????????????????? | | #?######## ##??????????????????????????? | | # ##?####### #???????????????????????????? | | ## ### ## ##??????????????????????????? | | ## ## #??????????????????????????? | | ## ########???????????????????? | | ### ## " ##??????????????????? | | ### ### =" ##?????????????????? | | # # " R%" ##????????????????? | | " !R ""#????????????????? | | = @### """ ??????????????? | | # * ## #??????????????????????? | | #### ### ########??????????????????????? | | ??# ### #?####?????????????????????????????? | | ?# ##?## #??????????????????????????????????? | | ?######???# #??????????????????????????????????? | | ??????????# #??????????????????????????????????? | | ??????????# #??????????????????????????????????? | | ??????????# #??????????????????????????????????? | | ??????????# ##??????????????????????????????????? | | ??????????# #???????????????????????????????????? | | ??????????# #????##?????????????????????????????? | | ?????????## ##??# ##????????????????????????????? | | ?????????# " ###" ##???????????????????????????? | | ?????????##"" " #???????????????????????????? | | ?????????# "" " #???????????????????????????? | | ????????## "" " ##???????????????????????????? | | ???????## """"##????????????????????????????? | | ???????# ## ""##?????????????????????????????? | | ???????# ########??????????????????????????????? | | ???????# ##????????????????????????????????????? | | ???????# ##???????????????????????????????????? | | ???????### ##??????????????????????????????????? | | ?????????## #??????????????????????????????????? | | ??????????# #??????????????????????????????????? | +----------------------------------------------------+ Best States ------------- Heat Dissipation 25 Energy Generation 10 Energy Capacity 250 Matter Stores 300 Matter Capacity 300 Sight Range 16 Terrain Scan Density 10 Armor Coverage 150 Evasion (%) 44 Item Schematics ----------------- None Robot Schematics ------------------ None Fabricated ------------ Nothing Repaired ---------- Nothing Studied --------- None Alien Tech Used ----------------- None Achievements -------------- None Challenges ------------ None Game ------ Seed ReflectiveReflexTerrabomb Manual? 0 Play Time 00:15:04 Cumulative 91.8 hours Start 2026.02.19 @ 00:31:51 End 2026.02.19 @ 00:44:33 Sessions 1 Manual Loads 0 Difficulty Rogue Special Mode None Game No. 190 Rogue 190 Adventurer 0 Explorer 0 Win Type - Total 2 Types 1/0/0/1/0/0/0/0/0/0 Lore% 51 Gallery% 39 Achievement% 39 Wizard Run 0 Options --------- Layout 0 ASCII 0 Keyboard 1 Movement Arrows Keybinds 0 Fullscreen 1 Font 18/Smallcaps Map View 38x25 Zoom Use 37% Tactical HUD 1 Map Filters NONE Filters NONE Steam 1 RUN: 98806a22-89e0-4ece-ab16-5a1442aa3e64